 Dungeon Crawl Stone Soup version 0.30.0-10-gfe55d96785 (webtiles) character file.

Game seed: 5357999331986768668

12 Heoruswealwe the Digger (level 2, -2/15 HPs)
             Began as a Deep Elf Earth Elementalist on May 15, 2023.
             Slain by Terence
             ... wielding a +0 flail of holy wrath
              (5 damage)
             ... on level 2 of the Dungeon.
             The game lasted 00:07:07 (655 turns).

Heoruswealwe the Digger (DEEE)                       Turns: 655, Time: 00:07:09

Health: -2/15      AC:  2    Str:  5    XL:     2   Next: 20%
Magic:  6/8        EV: 12    Int: 19    God:
Gold:   22         SH:  0    Dex: 15    Spells: 5/8 levels left

rFire   . . .        (no weapon)
rCold   . . .        (no shield)
rNeg    . . .        c - +0 robe
rPois   .            (no helmet)
rElec   .            (no cloak)
rCorr   .            (no gloves)
SInv    .            (no boots)
Will    .....        (no amulet)
Stlth   ++           k - ring of wizardry
HPRegen 0.22/turn    (no ring)
MPRegen 0.11/turn

%: wizardry (x1)
@: no status effects
A: no striking features
a: no special abilities


You were on level 2 of the Dungeon.
You visited 1 branch of the dungeon, and saw 2 of its levels.

You collected 22 gold pieces.

Inventory:

Armour
 c - a +0 robe (worn)
Jewellery
 k - a ring of wizardry (left hand)
Scrolls
 e - 3 scrolls of identify {unknown}
 g - a scroll of poison {unknown}
Potions
 a - a potion of lignification {unknown}
 b - a potion of magic
 d - 2 potions of brilliance {unknown}
 f - 2 potions of might {unknown}


   Skills:
 - Level 2.4 Dodging
 - Level 2.4 Stealth
 + Level 3.6 Spellcasting
 - Level 1.1 Transmutations
 + Level 3.7 Earth Magic


You had 5 spell levels left.
You knew the following spells:

 Your Spells              Type           Power      Damage    Failure   Level
a - Sandblast             Erth           34%        2d9       1%          1
z - Passwall              Tmut/Erth      10%        N/A       3%          2

Your spell library contained the following spells:

 Spells                   Type           Power      Damage    Failure   Level
 Stone Arrow              Conj/Erth      20%        3d8       9%          3
 Petrify                  Tmut/Erth      12%        N/A       21%         4


Dungeon Overview and Level Annotations

Branches:
Dungeon (2/15)

Altars:

Annotations:
D:2 Terence


Message History

You kill the quokka!
You see here a quokka corpse.
e - 3 scrolls labelled LEYFOO INGUXZU (gained 2)
Found a stone staircase leading down.
Found 2 stones.
You see here 2 stones.
Done exploring.
Done exploring.
You see here a bat skeleton.
Casting: Sandblast (safe; 1% risk of failure)
Confirm with . or Enter, or press ? or * to list all spells.
Aiming: Passwall (safe; 3% risk of failure)
Press: ? - help, Dir - move target A rock wall.
You begin to meditate on the wall.
You continue meditating on the rock. x2
You finish merging with the rock.
There is an escape hatch in the floor here.
Search for what [Enter for "."]? .
You slide downwards.
The hatch slams shut behind you.
Casting: Passwall (safe; 3% risk of failure)
Confirm with . or Enter, or press ? or * to list all spells.
Aiming: Sandblast (safe; 1% risk of failure)
Press: ? - help, Shift-Dir - straight line, f - Jessica
Aim: Jessica, wielding a +6 spectral club and wearing a +0 robe (asleep, 100% to hit)
The blast of sand hits Jessica!
Jessica is almost dead.
Jessica shouts!
Terence shouts!
Terence attacks as you move away!
Terence hits you with a +0 flail of holy wrath!
Ouch! That really hurt!
* * * LOW HITPOINT WARNING * * *
Casting: Sandblast (safe; 1% risk of failure)
Confirm with . or Enter, or press ? or * to list all spells.
Aiming: Sandblast (safe; 1% risk of failure)
Press: ? - help, Shift-Dir - straight line, f/p - Jessica
Aim: Jessica, wielding a +6 spectral club and wearing a +0 robe (almost dead, 82% to hit)
The blast of sand hits Jessica.
You kill Jessica!
Terence hits you with a +0 flail of holy wrath.
You die...

... #.#
#.# #
#.#.# ..
#.#.
.....###..
.........#
#..###@#
#....@.#
##.#####


You could see Terence.

Vanquished Creatures
  Jessica (D:2)
  An endoplasm (D:1)
  3 quokkas (D:1)
  4 ball pythons (D:1)
  2 bats (D:1)
  A kobold (D:1)
  A rat (D:1)
13 creatures vanquished.

Notes
Turn   | Place    | Note
-------+----------+-------------------------------------------
     0 | D:1      | Heoruswealwe the Deep Elf Earth Elementalist began the
                  | quest for the Orb.
     0 | D:1      | Reached XP level 1. HP: 10/10 MP: 6/6
   265 | D:1      | Reached XP level 2. HP: 15/15 MP: 4/8
   268 | D:1      | Learned a level 2 spell: Passwall
   652 | D:2      | Noticed Jessica
   652 | D:2      | Noticed Terence
   655 | D:2      | Killed Jessica
   655 | D:2      | Slain by Terence

Illustrated notes

Levels and vault maps discovered:
D:1:      dpeg_arrival_boxorama, layout_rooms, serial_forest,
          infiniplex_forest_lined_2, infiniplex_forest_lined_3,
          infiniplex_forest_fountain, infiniplex_forest_lined_2,
          infiniplex_forest_clump_large, infiniplex_forest_straight_5,
          infiniplex_forest_straight_2, infiniplex_forest_fountain,
          infiniplex_forest_lined_ring, hangedman_decor_opposing
D:2:      layout_loops_ring, uniq_jessica, uniq_terence

Action                     || total
---------------------------++-------
   Cast: Sandblast         ||    17
         Passwall          ||     1
  Dodge: Dodged            ||     2
